Construct Section Command Post
Selects Australian Defense Battlegroup
Selects Australian Light Infantry Section
Australian Light Infantry Section
Australian Light Infantry Section
Selects 2-pounder Anti-tank Gun Team
Construct Platoon Command Post
Unlock M3 Stuart Light Tanks
6-pounder Anti-tank Gun Team
Construct Field Infirmary
Selects CMP 15cwt Supply Run
Selects Reinforced Resource Caches
Construct Company Command Post
Unlock M3 Grant Medium Tanks
Selects Archer Tank Destroyer
Selects Defensive Tactics